 Dungeon Crawl Stone Soup version 0.26-a0-665-gefeb406119 (webtiles) character file.

Game seed: 7421404966557399504

19901 jasper the Martial Artist (level 12, -5/110 HPs)
             Began as a Gnoll Transmuter on Oct 15, 2020.
             Was a High Priest of Cheibriados.
             Slain by a seven-headed hydra (13 damage)
             ... on level 1 of the Lair of Beasts.
             The game lasted 00:21:26 (14974 turns).

jasper the Martial Artist (Gnoll Transmuter)       Turns: 14974, Time: 00:21:27

Health: -5/110     AC:  8    Str: 24      XL:     12   Next: 73%
Magic:  22/25      EV: 18    Int: 32      God:    Cheibriados [*****.]
Gold:   221        SH:  0    Dex: 25 (26) Spells: 8/29 levels left

rFire    . . .     SeeInvis .     - Unarmed
rCold    + + +     Faith    .   (shield currently unavailable)
rNeg     . . .     Spirit   .   (armour currently unavailable)
rPois    +         Reflect  .   (helmet currently unavailable)
rElec    .         Harm     .   (cloak currently unavailable)
rCorr    .         Rampage  .   (gloves currently unavailable)
MR       .....                  (boots currently unavailable)
Stlth    ++++......             s - amulet of the acrobat (curse)
HPRegen  0.28/turn              w - ring of wizardry
MPRegen  0.19/turn              y - ring of protection from fire

@: ice-form, very slow
A: large, distributed training, deterioration 1, no potion heal 1, strong nose
a: End Transformation, Bend Time, Temporal Distortion, Slouch, Step From Time,
Renounce Religion


You were on level 1 of the Lair of Beasts.
You worshipped Cheibriados.
Cheibriados was extremely pleased with you.
You were a creature of crystalline ice.
You visited 3 branches of the dungeon, and saw 14 of its levels.

You collected 506 gold pieces.
You spent 285 gold pieces at shops.

Inventory:

Hand Weapons
 o - a +0 club
Missiles
 d - 554 stones (quivered)
 e - 10 javelins
 p - 22 poisoned darts
 t - 8 atropa-tipped darts
 C - 2 throwing nets
Armour
 a - a +0 robe
 c - a +0 pair of gloves (melded)
 r - a +0 buckler (melded)
 E - a cursed +0 pair of gloves
 G - a +0 pair of boots (melded)
 H - a +3 scale mail of cold resistance
 L - +0 steam dragon scales (melded)
 M - a +0 troll leather armour
Jewellery
 s - a cursed amulet of the acrobat (around neck)
 u - an uncursed amulet of the acrobat
 w - a ring of wizardry (left front paw)
 y - a ring of protection from fire (right front paw)
Wands
 J - a wand of polymorph (10)
Scrolls
 b - 2 scrolls of random uselessness
 f - 2 scrolls of immolation
 g - a scroll of enchant armour
 h - 2 scrolls of magic mapping
 k - 6 scrolls of teleportation
 l - a scroll of blinking
 n - 5 scrolls of enchant weapon
 v - 2 scrolls of fear
 x - 3 scrolls of remove curse
 I - a scroll of silence {unknown}
 K - a scroll of vulnerability {unknown}
 N - a scroll of brand weapon {unknown}
Potions
 i - 3 potions of haste
 j - 2 potions of heal wounds
 m - 5 potions of mutation
 q - a potion of magic
 z - 3 potions of stabbing {unknown}
 A - 4 potions of flight
 B - 2 potions of degeneration {unknown}
 D - 4 potions of curing
 F - 2 potions of might


   Skills:
 + Level 8.0 Fighting
 + Level 7.5 Short Blades
 + Level 7.5 Long Blades
 + Level 7.5 Axes
 + Level 7.5 Maces & Flails
 + Level 7.5 Polearms
 + Level 7.5 Staves
 + Level 7.5 Slings
 + Level 7.5 Bows
 + Level 7.5 Crossbows
 + Level 7.5 Throwing
 + Level 7.5 Armour
 + Level 8.9 Dodging
 + Level 7.5 Stealth
 + Level 7.5 Shields
 + Level 10.0 Unarmed Combat
 + Level 9.1 Spellcasting
 + Level 6.3 Conjurations
 + Level 6.3 Hexes
 + Level 6.3 Summonings
 + Level 6.3 Necromancy
 + Level 6.3 Translocations
 + Level 7.4 Transmutations
 + Level 6.3 Fire Magic
 + Level 6.3 Ice Magic
 + Level 6.3 Air Magic
 + Level 6.3 Earth Magic
 + Level 6.3 Poison Magic
 + Level 8.3 Invocations
 + Level 7.5 Evocations


You had 8 spell levels left.
You knew the following spells:

 Your Spells              Type           Power        Failure   Level
a - Beastly Appendage     Tmut           ######       1%          1
b - Wereblood             Tmut           ######..     1%          2
c - Spider Form           Tmut/Pois      ######....   1%          3
d - Ice Form              Ice/Tmut       ######..     1%          4
e - Animate Skeleton      Necr           ######       1%          1
f - Apportation           Tloc           ######       1%          1
g - Blade Hands           Tmut           ######....   1%          5
h - Summon Lightning Spi  Summ/Air       ######..     1%          4

Your spell library contained the following spells:

 Spells                   Type           Power        Failure   Level
 Corona                   Hex            ######.      1%          1
 Shock                    Conj/Air       ####         1%          1
 Summon Small Mammal      Summ           ####         1%          1
 Call Imp                 Summ           ######..     1%          2
 Swiftness                Air            ######..     1%          2
 Call Canine Familiar     Summ           ######..     1%          3
 Static Discharge         Conj/Air       ######..     1%          3
 Summon Guardian Golem    Hex/Summ       ######..     1%          3
 Airstrike                Air            ######....   1%          4
 Summon Ice Beast         Ice/Summ       ######..     1%          4
 Lightning Bolt           Conj/Air       ######....   2%          5


Dungeon Overview and Level Annotations

Branches:
Dungeon (12/15)            Temple (1/1) D:4            Lair (1/6) D:9
    Orc (0/2) D:11

Altars:
Ashenzari
Cheibriados
Dithmenos
Elyvilon
Fedhas
Gozag
Hepliaklqana
Kikubaaqudgha
Makhleb
Nemelex Xobeh
Okawaru
Qazlal
Ru
Sif Muna
Trog
Uskayaw
Vehumet
Wu Jian
Xom
Yredelemnul
Zin
The Shining One

Shops:
D:8 *   D:9 !   D:10 (

Annotations:
D:2 Sigmund
D:4 Grinder


Innate Abilities, Weirdness & Mutations

Your experience applies equally to all skills.
((You have very sharp teeth.))
Your uncanny sense of smell can sniff out nearby items.
Your body sometimes deteriorates upon taking damage.
Potions are less effective at restoring your health.


Message History

The seven-headed hydra is heavily wounded.
The seven-headed hydra closely misses you.
The seven-headed hydra bites you!
Your body deteriorates!
You feel clumsy. The seven-headed hydra bites you!
The seven-headed hydra misses you. The seven-headed hydra bites you!
The seven-headed hydra barely misses you.
The seven-headed hydra bites you!
You take 42 damage, and have 63/110 hp.
MASSIVE DAMAGE!!
Unknown command.
Unknown command.
You pummel the seven-headed hydra!! You freeze the seven-headed hydra.
The seven-headed hydra is almost dead.
The seven-headed hydra bites you! x4
* * * LOW HITPOINT WARNING * * *
The seven-headed hydra barely misses you.
The seven-headed hydra bites you!!
* * * LOW HITPOINT WARNING * * *
The seven-headed hydra bites you!
You die...

......#..#
.....#....###...##f.#.##
.....(..................
........^...............
........................
.†......................
#.......................
...###.#+ #...D.......
#..# #..I# #..## #...##
#...# #....# #..## ~
#....# #..# #...## #..##
#...P# #..f# #...##
...###########...###+
......................


You could see a seven-headed hydra.

Vanquished Creatures
  Azrael (D:12)
  Harold (D:7)
  2 two-headed ogres
  An unseen horror (D:11)
  A wizard (D:12)
  A wolf spider zombie (D:10)
  A cyclops (D:11)
  A gargoyle (D:11)
  Psyche (D:12)
  A black mamba (Lair:1)
  Joseph (D:10)
  A cane toad (Lair:1)
  A rime drake (Lair:1)
  Maggie (D:10)
  2 komodo dragons
  A redback zombie (D:10)
  2 hellwings
  3 trolls
  A polar bear (Lair:1)
  A hornet (D:12)
  A meliai zombie (D:10)
  A wyvern (D:11)
  A basilisk (Lair:1)
  2 fire elementals (D:12)
  16 yaks
  Grum (D:9)
  Menkaure (D:4)
  5 hell hounds (D:12)
  Duvessa (D:4)
  2 sky beasts
  4 orc warriors
  5 ice beasts
  2 black bears
  5 phantoms
  2 wolves (D:9)
  4 ogres
  8 centaurs
  4 big kobolds
  11 bullfrogs
  Dowan (D:4)
  7 scorpions
  A water moccasin skeleton (D:10)
  8 killer bees
  A howler monkey (D:4)
  5 centaur zombies
  3 bullfrog zombies
  7 orc priests
  2 hounds
  6 orc wizards
  3 bullfrog skeletons
  3 centaur skeletons
  3 iguanas
  5 worker ants
  2 hound skeletons
  A worker ant zombie (D:5)
  11 adders
  3 gnolls
  2 howler monkey skeletons
  5 shadow imps (D:10)
  A white imp (D:9)
  3 oozes
  4 ufetubi
  3 adder skeletons
  2 adder zombies
  5 worms
  A dart slug (D:1)
  6 leopard geckos
  19 orcs
  5 giant cockroaches
  9 hobgoblins
  10 jackals
  4 quokkas
  2 ball pythons
  7 bats
  4 frilled lizards
  8 goblins
  A jackal skeleton (D:5)
  20 kobolds
  A quokka skeleton (D:7)
  7 rats
302 creatures vanquished.

Vanquished Creatures (collateral kills)
  A centaur (D:10)
  A bullfrog (D:12)
  2 killer bees (D:11)
  A howler monkey (D:11)
  2 orc priests
  A kobold (D:12)
8 creatures vanquished.

Vanquished Creatures (others)
  3 kobolds
  14 fungi (D:9)
  6 plants (D:9)
  8 withered plants (D:10)
31 creatures vanquished.

Grand Total: 341 creatures vanquished

Notes
Turn   | Place    | Note
-------+----------+-------------------------------------------
     0 | D:1      | jasper the Gnoll Transmuter began the quest for the Orb.
     0 | D:1      | Reached XP level 1. HP: 17/17 MP: 6/6
   144 | D:1      | Reached XP level 2. HP: 23/23 MP: 5/7
   625 | D:1      | Reached XP level 3. HP: 27/28 MP: 7/9
   773 | D:1      | Reached skill level 5 in Spellcasting
   981 | D:1      | Reached skill level 1 in Invocations
  1090 | D:2      | Found a basalt altar of Yredelemnul.
  1150 | D:2      | Reached skill level 1 in Short Blades
  1150 | D:2      | Reached skill level 1 in Long Blades
  1150 | D:2      | Reached skill level 1 in Axes
  1150 | D:2      | Reached skill level 1 in Maces & Flails
  1150 | D:2      | Reached skill level 1 in Polearms
  1150 | D:2      | Reached skill level 1 in Staves
  1150 | D:2      | Reached skill level 1 in Slings
  1150 | D:2      | Reached skill level 1 in Bows
  1150 | D:2      | Reached skill level 1 in Crossbows
  1150 | D:2      | Reached skill level 1 in Throwing
  1150 | D:2      | Reached skill level 1 in Armour
  1150 | D:2      | Reached skill level 1 in Stealth
  1150 | D:2      | Reached skill level 1 in Shields
  1150 | D:2      | Reached skill level 1 in Evocations
  1150 | D:2      | Reached XP level 4. HP: 34/34 MP: 9/11
  1154 | D:2      | Learned a level 2 spell: Wereblood
  1158 | D:2      | Learned a level 3 spell: Spider Form
  1218 | D:2      | Noticed Sigmund
  1288 | D:2      | Reached skill level 1 in Conjurations
  1288 | D:2      | Reached skill level 1 in Hexes
  1288 | D:2      | Reached skill level 1 in Summonings
  1288 | D:2      | Reached skill level 1 in Necromancy
  1288 | D:2      | Reached skill level 1 in Translocations
  1288 | D:2      | Reached skill level 1 in Fire Magic
  1288 | D:2      | Reached skill level 1 in Ice Magic
  1288 | D:2      | Reached skill level 1 in Air Magic
  1288 | D:2      | Reached skill level 1 in Earth Magic
  1288 | D:2      | Reached skill level 1 in Poison Magic
  1668 | D:3      | Reached XP level 5. HP: 40/40 MP: 10/12
  1674 | D:3      | Learned a level 4 spell: Ice Form
  1683 | D:3      | Found a faded altar of an unknown god.
  2192 | D:3      | Found a hide-covered altar of Uskayaw.
  2194 | D:3      | Noticed a +0 hand axe
  2194 | D:3      | Noticed a +0 hand axe
  2264 | D:4      | Found a blossoming altar of Fedhas.
  2324 | D:4      | Found a stormy altar of Qazlal.
  2333 | D:4      | Noticed Duvessa
  2335 | D:4      | Noticed Dowan
  2336 | D:4      | Noticed a phantom
  2361 | D:4      | Killed Duvessa
  2361 | D:4      | Reached XP level 6. HP: 36/47 MP: 8/14
  2390 | D:4      | Killed Dowan
  2390 | D:4      | Reached skill level 5 in Dodging
  2592 | D:4      | Killed a phantom
  2592 | D:4      | Reached XP level 7. HP: 32/52 MP: 15/15
  2876 | D:4      | Noticed Menkaure
  2889 | D:4      | Killed Menkaure
  2889 | D:4      | Reached skill level 7 in Unarmed Combat
  3695 | D:4      | Found a staircase to the Ecumenical Temple.
  3757 | D:5      | Entered Level 5 of the Dungeon
  3984 | D:4      | Noticed Grinder
  4195 | D:5      | Learned a level 1 spell: Animate Skeleton
  4197 | D:5      | Learned a level 1 spell: Apportation
  4203 | D:5      | Learned a level 5 spell: Blade Hands
  4284 | D:5      | Reached XP level 8. HP: 55/60 MP: 16/16
  4331 | D:5      | Found a hazy altar of Hepliaklqana.
  4427 | Temple   | Entered the Ecumenical Temple
  4958 | D:6      | Found an ornate altar of the Wu Jian Council.
  6234 | D:7      | Reached skill level 5 in Transmutations
  6234 | D:7      | Reached XP level 9. HP: 56/66 MP: 15/18
  6382 | D:7      | Noticed Harold
  6402 | D:7      | Killed Harold
  6402 | D:7      | Reached skill level 5 in Fighting
  6714 | D:7      | Found an ancient bone altar of Kikubaaqudgha.
  6714 | D:7      | Found a snail-covered altar of Cheibriados.
  6715 | D:7      | Found a radiant altar of Vehumet.
  6725 | D:7      | Reached skill level 8 in Unarmed Combat
  6736 | D:7      | Became a worshipper of Cheibriados the Contemplative
  7380 | D:8      | Reached skill level 5 in Invocations
  7968 | D:8      | Reached XP level 10. HP: 56/74 MP: 16/20
  8301 | D:8      | Reached skill level 5 in Short Blades
  8301 | D:8      | Reached skill level 5 in Long Blades
  8301 | D:8      | Reached skill level 5 in Axes
  8301 | D:8      | Reached skill level 5 in Maces & Flails
  8301 | D:8      | Reached skill level 5 in Polearms
  8301 | D:8      | Reached skill level 5 in Staves
  8301 | D:8      | Reached skill level 5 in Slings
  8301 | D:8      | Reached skill level 5 in Bows
  8301 | D:8      | Reached skill level 5 in Crossbows
  8301 | D:8      | Reached skill level 5 in Throwing
  8301 | D:8      | Reached skill level 5 in Armour
  8301 | D:8      | Reached skill level 5 in Stealth
  8301 | D:8      | Reached skill level 5 in Shields
  8301 | D:8      | Reached skill level 5 in Evocations
  8352 | D:8      | Found Vugrexa's General Store.
  8356 | D:8      | Bought a scroll of teleportation for 30 gold pieces
  8356 | D:8      | Bought a scroll of fear for 35 gold pieces
  8356 | D:8      | Bought a scroll of identify for 20 gold pieces
  8356 | D:8      | Bought a potion of curing for 30 gold pieces
  8768 | D:8      | Reached * piety under Cheibriados
  9065 | D:9      | Noticed Grum
  9079 | D:9      | Killed Grum
  9100 | D:9      | Gained mutation: Potions are less effective at restoring
                  | your health. [mutagenic glow]
  9515 | D:9      | Found a staircase to the Lair.
  9644 | D:9      | Noticed a two-headed ogre
  9652 | D:9      | Killed a two-headed ogre
  9652 | D:9      | Reached ** piety under Cheibriados
  9723 | D:9      | Gained mutation: Your body sometimes deteriorates upon
                  | taking damage. [mutagenic glow]
  9788 | D:8      | Reached XP level 11. HP: 10/83 MP: 17/22
 10312 | D:9      | Reached skill level 9 in Unarmed Combat
 10316 | D:9      | Found a hide-covered altar of Uskayaw.
 10380 | D:9      | Reached skill level 5 in Conjurations
 10380 | D:9      | Reached skill level 5 in Hexes
 10380 | D:9      | Reached skill level 5 in Summonings
 10380 | D:9      | Reached skill level 5 in Necromancy
 10380 | D:9      | Reached skill level 5 in Translocations
 10380 | D:9      | Reached skill level 5 in Fire Magic
 10380 | D:9      | Reached skill level 5 in Ice Magic
 10380 | D:9      | Reached skill level 5 in Air Magic
 10380 | D:9      | Reached skill level 5 in Earth Magic
 10380 | D:9      | Reached skill level 5 in Poison Magic
 10502 | D:9      | Found Naimusav's Distillery.
 10505 | D:9      | Bought 2 potions of flight for 102 gold pieces
 10505 | D:9      | Bought a potion of might for 68 gold pieces
 10683 | D:9      | Found a shadowy altar of Dithmenos.
 10683 | D:9      | Found a burning altar of Makhleb.
 10687 | D:9      | Found a bloodstained altar of Trog.
 10779 | D:10     | Entered Level 10 of the Dungeon
 11030 | D:9      | Reached *** piety under Cheibriados
 11408 | D:10     | Noticed Maggie
 11417 | D:10     | Killed Maggie
 11576 | D:10     | Learned a level 4 spell: Summon Lightning Spire
 12146 | D:10     | Found Vaafyg's Weapon Emporium.
 12554 | D:10     | Noticed Joseph
 12563 | D:10     | Killed Joseph
 12794 | D:10     | Noticed a two-headed ogre
 12798 | D:10     | Reached **** piety under Cheibriados
 12805 | D:10     | Killed a two-headed ogre
 12805 | D:10     | Reached XP level 12. HP: 61/91 MP: 16/24
 13142 | D:11     | Found a staircase to the Orcish Mines.
 14157 | D:12     | Noticed Psyche
 14166 | D:12     | Killed Psyche
 14232 | D:12     | Noticed Azrael
 14242 | D:12     | Killed Azrael
 14247 | D:12     | Reached ***** piety under Cheibriados
 14636 | Lair:1   | Entered Level 1 of the Lair of Beasts
 14706 | Lair:1   | Reached skill level 10 in Unarmed Combat
 14968 | Lair:1   | Noticed a seven-headed hydra
 14974 | Lair:1   | Slain by a seven-headed hydra

Illustrated notes

Levels and vault maps discovered:
D:1:      evilmike_arrival_rings, layout_loops_ring, minmay_quantized
D:2:      layout_rooms, lemuel_crystal_altar, minmay_misc_feat_iff,
          minmay_pentomino_o4, uniq_natasha, uniq_sigmund
D:3:      layout_rooms, dancing_weapons_uskayaw,
          chequers_ecumenical_altar_simple_redux,
          corexii_item_surrounded_by_moat, interstate_on_off
D:4:      minmay_evil_eye, layout_basic, nicolae_overflow_crystal_walls,
          lemuel_round_altar, minmay_temple_entry_from_below_a, uniq_grinder,
          uniq_menkaure, uniq_duvessa
D:5:      layout_basic, kennysheep_little_box
D:6:      layout_basic, lemuel_coloured_pillars_altar
D:7:      minmay_angry_zag, layout_basic, gammafunk_temple_overflow_claw,
          uniq_harold
D:8:      layout_cave_pools, serial_shops, nicolae_shop_waterfront,
          serial_glass, glass_columns_a, glass_columns_a, item_on_display_a,
          minmay_strange_pillars, chequers_serial_rivers_small_b
D:9:      layout_rooms, minitemple, grunt_lair_entry_orc_guard_hut,
          serial_shops, shop, lemuel_centaur_altar, uniq_grum
D:10:     cheibrodos_grave_circle, layout_basic, serial_shops, shop,
          uniq_maggie, uniq_joseph
D:11:     layout_roguey, david_orc_3
D:12:     layout_cave_pools, uniq_azrael, uniq_psyche
Temple:   eino_wide_crystal_templ
Lair:1:   layout_regular_city, grunt_megastairs_2, uniq_urug

Skill      XL: |  1  2  3  4  5  6  7  8  9 10 11 12 |
---------------+-------------------------------------+-----
Spellcasting   | 5 6 7 8 9 |  9.1
Invocations    | 1 2 3 4 5 6 7 8 |  8.3
Short Blades   | 1 2 3 4 5 6 7 |  7.5
Long Blades    | 1 2 3 4 5 6 7 |  7.5
Axes           | 1 2 3 4 5 6 7 |  7.5
Maces & Flails | 1 2 3 4 5 6 7 |  7.5
Polearms       | 1 2 3 4 5 6 7 |  7.5
Staves         | 1 2 3 4 5 6 7 |  7.5
Slings         | 1 2 3 4 5 6 7 |  7.5
Bows           | 1 2 3 4 5 6 7 |  7.5
Crossbows      | 1 2 3 4 5 6 7 |  7.5
Throwing       | 1 2 3 4 5 6 7 |  7.5
Armour         | 1 2 3 4 5 6 7 |  7.5
Stealth        | 1 2 3 4 5 6 7 |  7.5
Shields        | 1 2 3 4 5 6 7 |  7.5
Evocations     | 1 2 3 4 5 6 7 |  7.5
Conjurations   | 1 2 3 4 5 6 |  6.3
Hexes          | 1 2 3 4 5 6 |  6.3
Summonings     | 1 2 3 4 5 6 |  6.3
Necromancy     | 1 2 3 4 5 6 |  6.3
Translocations | 1 2 3 4 5 6 |  6.3
Fire Magic     | 1 2 3 4 5 6 |  6.3
Ice Magic      | 1 2 3 4 5 6 |  6.3
Air Magic      | 1 2 3 4 5 6 |  6.3
Earth Magic    | 1 2 3 4 5 6 |  6.3
Poison Magic   | 1 2 3 4 5 6 |  6.3
Fighting       | 3 4 5 6 7 8 |  8.0
Transmutations | 4 5 6 7 |  7.4
Dodging        | 5 6 7 8 |  8.9
Unarmed Combat | 7 8 9 10 | 10.0

Action                   |  1- 3 |  4- 6 |  7- 9 | 10-12 || total
-------------------------+-------+-------+-------+-------++-------
Melee: Unarmed           |    74 |   112 |   320 |   515 ||  1021
       Kick              |    13 |    17 |    21 |    87 ||   138
       Headbutt          |     9 |    17 |    13 |    44 ||    83
       Bite              |     3 |     9 |    24 |    77 ||   113
       Punch             |       |     2 |     5 |    14 ||    21
Throw: Stone             |     5 |     8 |       |    12 ||    25
 Cast: Beastly Appendage |    22 |    17 |    17 |    24 ||    80
       Wereblood         |       |     2 |       |       ||     2
       Spider Form       |       |     2 |    13 |       ||    15
       Blade Hands       |       |       |       |    27 ||    27
       Summon Lightning  |       |       |       |     8 ||     8
       Ice Form          |       |       |       |     1 ||     1
Invok: Slouch            |       |       |       |     1 ||     1
  Use: Scroll            |       |       |       |    12 ||    12
       Potion            |       |       |       |     1 ||     1
 Stab: Sleeping          |     1 |     1 |    12 |     7 ||    21
       Distracted        |       |       |       |     1 ||     1
Armor: Robe              |    15 |    20 |    18 |       ||    53
       Skin              |       |     2 |     3 |       ||     5
       Scale mail        |       |       |    16 |   148 ||   164
       Steam dragon scal |       |       |       |    27 ||    27
Dodge: Dodged            |    52 |    81 |   281 |   494 ||   908
Block: Buckler           |       |       |    11 |   123 ||   134

Table legend: (Time is in decaauts)
 A = Elapsed time spent in this place.
 B = Non-inter-level travel time spent in this place.
 C = Inter-level travel time spent in this place.
 D = Time resting spent in this place.
 E = Time spent auto-exploring this place.
 F = Levels seen in this place.
 G = Mean time per level.
                   A        B        C        D        E       F      G
               +--------+--------+--------+--------+--------+-----+--------+
         Total |  16431 |  15871 |    560 |   2715 |  10651 |  14 | 1173.6 |
       Dungeon |  15909 |  15356 |    553 |   2697 |  10244 |  12 | 1325.8 |
        Temple |     49 |     43 |      6 |      0 |     42 |   1 |   49.0 |
          Lair |    472 |    472 |      0 |     18 |    365 |   1 |  472.0 |
               +--------+--------+--------+--------+--------+-----+--------+

Top non-repeatable levels by time:
    D:10: 2239 daAuts
     D:9: 2131 daAuts
     D:7: 2122 daAuts
     D:8: 1886 daAuts
    D:11: 1878 daAuts
     D:4: 1334 daAuts
     D:1: 1083 daAuts
     D:3: 1009 daAuts
     D:5: 936 daAuts
     D:6: 773 daAuts
  Lair:1: 472 daAuts
     D:2: 322 daAuts
    D:12: 193 daAuts
  Temple: 49 daAuts
